 Dungeon Crawl Stone Soup version 0.18.1-48-g4cf74bf (webtiles) character file.

41 MBI the Bolt Thrower (level 3, -4/29 HPs)
             Began as a Centaur Hunter on July 5, 2016.
             Slain by a gnoll
             ... wielding a +0 club
              (5 damage)
             ... on level 2 of the Dungeon.
             The game lasted 00:06:46 (1258 turns).

MBI the Bolt Thrower (Centaur Hunter)               Turns: 1258, Time: 00:06:47

Health: -4/29      AC:  5    Str: 15    XL:     3   Next: 32%
Magic:  3/3        EV:  8    Int: 10    God:
Gold:   99         SH:  2    Dex:  9    Spells: 0 memorised, 2 levels left

rFire  . . .     SeeInvis .     a - +1 hand crossbow
rCold  . . .     Gourm    .     e - +0 leather armour
rNeg   . . .     Faith    .     q - +0 buckler
rPois  .         Spirit   .     (no helmet)
rElec  .         Dismiss  .     k - +0 cloak
rCorr  .         Reflect  .     (no gloves)
SustAt .         Harm     .     (no barding)
MR     .....                    (no amulet)
Stlth  +.........               (no ring)
                                (no ring)

@: about to teleport, very quick, not resistant to hostile enchantments, very
unstealthy
A: hooves 3, deformed body, speed 2, tough skin 3
a: no special abilities


You were on level 2 of the Dungeon.
You were not hungry.

You visited 1 branch of the dungeon, and saw 2 of its levels.

You collected 99 gold pieces.

Inventory:

Hand Weapons
 a - a +1 hand crossbow (weapon)
 b - a +0 short sword
 h - a +0 dagger of draining
Missiles
 d - 12 bolts (quivered)
Armour
 c - a +0 leather armour
 e - a +0 leather armour (worn)
 k - a +0 cloak (worn)
 l - a +0 pair of boots
 q - a +0 buckler (worn)
Jewellery
 o - a +1 ring of protection {unknown}
 p - an uncursed ring of positive energy {unknown}
Comestibles
 f - a bread ration
 g - a beef jerky
 n - 5 fruits


   Skills:
 + Level 2.0 Fighting
 + Level 5.0 Crossbows
 + Level 0.3 Armour
 + Level 2.0 Dodging
 + Level 0.5 Stealth


You had 2 spell levels left.
You didn't know any spells.

Dungeon Overview and Level Annotations

Branches:
Dungeon (2/15)

Altars:


Innate Abilities, Weirdness & Mutations

You have hooves in place of feet.
Armour fits poorly on your strangely shaped body.
You cover ground very quickly.
You have extremely tough skin (AC +3).


Message History

Firing (i - inventory):
d - 13 bolts (quivered)
Press: ? - help, Shift-Dir - straight line, f - gnoll, p - giant gecko
Aim: a gnoll, wielding a club (moderately wounded)
You shoot a bolt. The bolt hits the giant gecko.
The giant gecko is moderately wounded.
The giant gecko bites you.
Read which item? (? for menu, Esc to quit)
As you read the scroll labeled COONAJ ETRAU, it crumbles to dust.
It is a scroll of amnesia.
You feel forgetful for a moment. The giant gecko barely misses you.
Read which item? (? for menu, Esc to quit)
As you read the scroll labeled FOIGYL WISOCEGG, it crumbles to dust.
You feel strangely unstable.
It was a scroll of teleportation.
The giant gecko bites you but does no damage.
The gnoll hits you with a club. The giant gecko bites you.
The gnoll hits you from afar with a spear!
* * * LOW HITPOINT WARNING * * *
The gnoll hits you with a club.
You die...

## ####
.###########...
.............#
..g..#####(.##
####(((...(..#####
#########(.gl@#
###.g.# #####


You could see 2 gnolls and a giant gecko.

Vanquished Creatures
  A gnoll (D:2)
  4 dart slugs
  A giant gecko (D:1)
  3 giant cockroaches (D:1)
  4 goblins (D:1)
  A hobgoblin (D:1)
  3 bats (D:1)
  A giant newt (D:1)
  A kobold (D:1)
  4 rats
23 creatures vanquished.

Notes
Turn   | Place    | Note
--------------------------------------------------------------
     0 | D:1      | MBI the Centaur Hunter began the quest for the Orb.
     0 | D:1      | Reached XP level 1. HP: 17/17 MP: 1/1
   200 | D:1      | Reached XP level 2. HP: 22/24 MP: 2/2
   960 | D:1      | Reached skill level 5 in Crossbows
  1147 | D:2      | Reached XP level 3. HP: 29/29 MP: 3/3
  1204 | D:2      | Found a faded altar to an unknown god.
  1257 | D:2      | HP: 1/29 [gnoll/spear (8)]
  1258 | D:2      | Slain by a gnoll

Skill      XL: |  1  2  3 |
---------------+----------+-----
Crossbows      | 5 |  5.0
Dodging        | 2 |  2.0
Fighting       | |  2.0
Armour         | |  0.3
Stealth        | |  0.5

Action                   || total
-------------------------++-------
Melee: Hand crossbow     ||     5
       Dagger            ||    64
       Kick              ||    16
 Fire: Hand crossbow     ||    16
  Use: Scroll            ||     4
Armor: Leather armour    ||    49
Dodge: Dodged            ||    45
Block: Buckler           ||     2
